 Dungeon Crawl Stone Soup version 0.28-a0-1447-ga5a8893891 (webtiles) character file.

Game seed: 8894029610524931511

81750 Snarg the Cruncher (level 14, -19/118 HPs)
             Began as a Demigod Wanderer on Jan 7, 2022.
             Blown up by a sun moth (33 damage)
             ... with a bolt of energy
             ... on level 1 of the Spider Nest on Jan 12, 2022.
             The game lasted 04:22:15 (41214 turns).

Snarg the Cruncher (Demigod Wanderer)              Turns: 41214, Time: 04:22:20

Health: -19/118    AC: 19    Str: 25    XL:     14   Next: 87%
Magic:  3/39       EV: 26    Int: 14    God:
Gold:   1917       SH:  0    Dex:  8    Spells: 4/29 levels left

rFire   + . .      SeeInvis +   a - +0 quarterstaff (speed)
rCold   . . .      Faith    .   (shield currently unavailable)
rNeg    . . .      Spirit   .   E - +0 acid dragon scales
rPois   +          Reflect  .   c - +0 helmet
rElec   +          Harm     .   P - +0 cloak
rCorr   +          Rampage  .   F - +1 pair of gloves {infuse}
Will    +....      Archmagi +   T - +3 pair of boots of the Purple Skies {rPois rF+ Dex-4}
Stlth   ++........              y - amulet of the acrobat
HPRegen 0.29/turn               k - ring "Ynaumira" {+Blink rElec MP+9 Int-5 SInv}
MPRegen 0.26/turn               C - ring of the Mage {Wiz Archmagi}

@: lethally poisoned (-19 -> -50), about to teleport, acrobatic
A: high mp 1, forlorn, divine attributes
a: Evoke Blink


You were on level 1 of the Spider Nest.
You visited 7 branches of the dungeon, and saw 24 of its levels.
You also visited: Sewer and Bailey.

You collected 2659 gold pieces.
You spent 742 gold pieces at shops.

Inventory:

Hand Weapons
 a - a +0 quarterstaff of speed (weapon)
 t - a +5 trident of freezing
 W - a +0 quarterstaff of freezing
Missiles
 f - 7 boomerangs of dispersal
 j - 366 stones
 n - 53 poisoned darts
 z - 18 boomerangs (quivered)
 B - 9 javelins
 J - 4 curare-tipped darts
 U - 5 throwing nets
Armour
 c - a +0 helmet (worn)
 s - a +0 pair of gloves
 D - a +2 chain mail of poison resistance
 E - +0 acid dragon scales (worn)
 F - a +1 pair of gloves of infusion (worn)
 P - a +0 cloak (worn)
 T - the +3 pair of boots of the Purple Skies (worn) {rPois rF+ Dex-4}
   (You bought it in a shop on level 2 of the Orcish Mines)

   Dex:       It affects your dexterity (-4).
   rF:        It protects you from fire.
   rPois:     It protects you from poison.
Magical Staves
 b - a staff of cold
 m - a staff of conjuration
Jewellery
 k - the ring "Ynaumira" (left hand) {+Blink rElec MP+9 Int-5 SInv}
   (You found it on level 1 of the Lair of Beasts)

   [ring of magical power]

   Int:       It affects your intelligence (-5).
   rElec:     It insulates you from electricity.
   MP:        It affects your magic capacity (+9).
   SInv:      It lets you see invisible.
   +Blink:    It lets you blink.
 l - a ring of positive energy
 y - an amulet of the acrobat (around neck)
 C - the ring of the Mage (right hand) {Wiz Archmagi}
   (You acquired it on level 6 of the Dungeon)

   [ring of wizardry]

   It improves your spell success rate.
   Archmagi:  It increases the power of your magical spells.
 G - a ring of fire
 K - a ring of flight
 L - a +6 ring of intelligence
 O - a ring of willpower
 R - a ring of fire
Wands
 d - a wand of digging (11)
 r - a wand of polymorph (6)
 I - a wand of mindburst (5)
 Q - a wand of paralysis (12)
 S - a wand of iceblast (18)
Scrolls
 e - 3 scrolls of magic mapping
 h - 6 scrolls of fog
 i - 2 scrolls of silence
 q - 4 scrolls of identify
 x - 4 scrolls of teleportation
 A - a scroll of immolation
Potions
 g - 2 potions of resistance
 o - a potion of heal wounds
 v - a potion of lignification
 w - 3 potions of curing
 M - 3 potions of invisibility
 N - 4 potions of flight


   Skills:
 + Level 9.3 Fighting
 - Level 12.0 Staves
 - Level 2.0 Throwing
 + Level 12.0 Armour
 + Level 1.2 Dodging
 - Level 5.0 Stealth
 - Level 8.0 Spellcasting
 + Level 7.9 Conjurations
 + Level 4.0 Hexes
 - Level 4.0 Translocations
 + Level 9.6 Ice Magic
 - Level 4.0 Evocations


You had 4 spell levels left.
You knew the following spells:

 Your Spells              Type           Power      Damage    Failure   Level
a - Freeze                Ice            100%       1d11      1%          1
b - Frozen Ramparts       Ice            96%        1d11      1%          3
c - Hailstorm             Conj/Ice       45%        3d10      1%          4
d - Dazzling Flash        Conj/Hex       66%        N/A       1%          3
e - Blink                 Tloc           50%        N/A       1%          2
f - Iskenderun's Mystic   Conj/Tloc      33%        2d8       5%          4
g - Metabolic Englaciati  Hex/Ice        18%        N/A       11%         5
h - Ozocubu's Armour      Ice            48%        N/A       1%          3

Your spell library contained the following spells:

 Spells                   Type           Power      Damage    Failure   Level
 Apportation              Tloc           50%        N/A       1%          1
 Stone Arrow              Conj/Erth      50%        3d10      3%          3
 Beastly Appendage        Tmut           16%        N/A       6%          1
 Inner Flame              Hex/Fire       16%        N/A       8%          3
 Wereblood                Tmut           8%         N/A       9%          2
 Ice Form                 Ice/Tmut       28%        N/A       9%          4
 Cause Fear               Hex            12%        N/A       12%         4
 Passage of Golubria      Tloc           25%        N/A       12%         4
 Leda's Liquefaction      Hex/Erth       8%         N/A       26%         4
 Animate Armour           Summ/Erth      16%        N/A       47%         4
 Petrify                  Tmut/Erth      8%         N/A       47%         4
 Simulacrum               Ice/Necr       14%        N/A       75%         6
 Blade Hands              Tmut           4%         N/A       82%         5
 Lee's Rapid Deconstruct  Erth           4%         3d6*      82%         5
 Iron Shot                Conj/Erth      12%        9d3       85%         6
 Starburst                Conj/Fire      12%        6d5       85%         6
 Statue Form              Tmut/Erth      5%         N/A       100%        6
 Discord                  Hex            12%        N/A       100%        8
 Lehudib's Crystal Spear  Conj/Erth      12%        10d4      100%        8


Dungeon Overview and Level Annotations

Branches:
Dungeon (11/15)            Temple (1/1) D:7            Lair (6/6) D:8
  Snake (1/4) Lair:3       Spider (2/4) Lair:2        Slime (1/5) Lair:6
    Orc (2/2) D:11            Elf (0/3) Orc:2         Sewer (visited)
 Bailey (visited)

Shops:
D:5 (   D:6 (   Orc:2 =[([

Portals:
Abyss: Lair:6

Annotations:
D:1 clr
D:2 clr
D:3 clr
D:4 clr
D:5 clr
D:6 clr
D:7 clr
D:8 vault, exclusion: hydra
D:9 clr
D:10 obsidian statue, exclusion: obsidian statue
D:11 clr
Lair:1 stash ----clr
Lair:2 clr
Lair:3 clr
Lair:4 clr
Lair:5 clr
Lair:6 clr
Spider:1 clr
Slime:1 rockslime!, exclusion: rockslime
Orc:1 clr
Orc:2 clr


Innate Abilities, Weirdness & Mutations

You have an increased reservoir of magic. (+10% MP)
You shall have no god before yourself.
Your divine heritage dramatically boosts your attributes as you level up.


Message History

Unknown command.
You feel better.
The redback bites you but does no damage.
The sun moth throws energy at you. The bolt of energy hits you!!
* * * LOW HITPOINT WARNING * * *
Okay, then.
Unknown command.
Unknown command.
Unknown command.
Casting: Hailstorm (mildly dangerous; 1% risk of failure)
Confirm with . or Enter, or press ? or * to list all spells.
You feel a surge of power!
You erupt in a blast of force!
The mystic blast hits the redback!
The redback is severely wounded.
The redback is knocked back by the mystic blast.
The redback slams into the rock wall!
The redback is severely wounded.
The mystic blast hits the sun moth.
The sun moth is moderately wounded.
The sun moth is knocked back by the mystic blast.
The sun moth slams into the rock wall!
The sun moth is heavily wounded.
You feel much better.
As you read the scroll of teleportation, it crumbles to dust.
You feel strangely unstable.
The redback bites you but does no damage.
The sun moth completely misses you. The redback bites you.
* * * LOW HITPOINT WARNING * * *
Unknown command.
Unknown command.
Unknown command.
The sun moth throws energy at you. The bolt of energy misses you.
The redback bites you!
* * * LOW HITPOINT WARNING * * *
You are lethally poisoned!
The redback poisons you! The sun moth throws energy at you.
The bolt of energy hits you!!
You die...

#.# #........###.###......#
.## ##......## #..###.....#
..# #.....## ##.##......#
..# ##....# ##....##...#
..#####...## ###.....##..##
...##..###.###.......##..#
.....######.###.......#..#
#..#.####..#..#s.........#
#.##.#......#.y>@........##
#####......#####..........#
##.....# ####....####
#...)## ###.## #...## ###
#####


You could see a sun moth and a redback.

Vanquished Creatures
  Saint Roka (Orc:2)
  2 entropy weavers (Spider:1)
  Snorg (D:10)
  Harold (D:11)
  7 hydras
  A jorogumo (Spider:1)
  An anaconda (Snake:1)
  6 two-headed ogres
  4 death yaks
  3 thrashing horrors (Lair:6)
  2 naga sharpshooters (Snake:1)
  2 orc high priests (Orc:2)
  A shock serpent (Snake:1)
  Nergalle (D:10)
  2 orb spiders
  Pikel (D:8)
  6 orc knights
  2 mana vipers (Snake:1)
  2 ugly things
  4 wolf spiders (Spider:1)
  3 orc sorcerers (Orc:2)
  A moth of wrath (Spider:1)
  10 elephants
  12 black mambas
  3 torpor snails
  2 smoke demons (Lair:6)
  Maggie (D:8)
  10 cane toads
  3 rime drakes
  9 komodo dragons
  A demonic crawler (Spider:1)
  A yaktaur (shapeshifter) (Lair:6)
  2 ancient zymes (Lair:6)
  3 polar bears
  3 trolls (Orc:2)
  2 tarantellas (Spider:1)
  22 blink frogs
  13 dream sheep
  Sigmund (D:4)
  4 jumping spiders (Spider:1)
  7 wyverns
  A spriggan (Lair:6)
  A ynoxinul (Lair:6)
  7 culicivoras
  A vampire (D:8)
  41 yaks
  12 basilisks
  Grum (D:11)
  8 redbacks (Spider:1)
  3 chaos spawn (Lair:6)
  4 steam dragons
  2 large abominations (Lair:6)
  3 acid dragons
  7 nagas (Snake:1)
  7 wargs
  21 water moccasins
  Pargi (Sewer)
  35 orc warriors
  A swamp drake (Lair:6)
  2 ice beasts
  2 sky beasts
  5 black bears
  5 ogres
  9 centaurs
  4 wolves (D:11)
  2 phantoms
  2 lemures (D:8)
  2 kobold brigands
  7 bullfrogs
  A gnoll sergeant (D:9)
  A water moccasin zombie (D:5)
  4 scorpions (D:5)
  10 small abominations (Lair:6)
  4 killer bees
  7 electric eels
  9 wights
  4 lava snakes (Lair:1)
  2 centaur zombies
  3 jellies
  16 orc priests
  3 hounds
  A bullfrog skeleton (D:7)
  Natasha (thrice) (D:3)
  3 iguanas
  22 orc wizards
  A killer bee zombie (D:6)
  A hound zombie (D:5)
  A hound skeleton (D:4)
  Robin (D:3)
  14 gnolls
  A howler monkey skeleton (D:7)
  15 adders
  A river rat (D:3)
  An ufetubus (D:7)
  5 worms
  113 orcs
  7 ball pythons
  6 bats
  8 endoplasms
  10 giant cockroaches
  20 goblins
  9 hobgoblins
  5 jackals
  25 kobolds
  4 quokkas
  3 frilled lizards
  10 rats
  4 butterflies (D:5)
717 creatures vanquished.

Vanquished Creatures (others)
  An orc (Orc:2)
  40 fungi
  69 plants
110 creatures vanquished.

Grand Total: 827 creatures vanquished

Notes
Turn   | Place    | Note
-------+----------+-------------------------------------------
     0 | D:1      | Snarg the Demigod Wanderer began the quest for the Orb.
     0 | D:1      | Snarg set off with the following items: a +0 quarterstaff,
                  | a +0 cloak, a +0 robe; and the following spell memorised:
                  | Freeze; and the following spells available to memorise:
                  | Frozen Ramparts, Hailstorm
     0 | D:1      | Reached XP level 1. HP: 17/17 MP: 4/4
   323 | D:1      | Reached XP level 2. HP: 24/24 MP: 5/5
  1314 | D:2      | Reached XP level 3. HP: 20/29 MP: 1/6
  1934 | D:2      | Learned a level 3 spell: Frozen Ramparts
  2001 | D:2      | Reached skill level 1 in Armour
  2589 | D:3      | Noticed Robin
  2628 | D:3      | Reached XP level 4. HP: 28/36 MP: 4/8
  2719 | D:3      | Found a glowing drain.
  2730 | Sewer    | Entered a sewer
  3061 | Sewer    | Noticed Pargi
  3071 | Sewer    | Killed Pargi
  3072 | Sewer    | Reached XP level 5. HP: 39/41 MP: 5/9
  3377 | D:3      | Noticed Natasha
  3388 | D:3      | Killed Natasha
  3517 | D:3      | Killed Robin
  3727 | D:3      | Reached skill level 5 in Ice Magic
  3727 | D:3      | Reached XP level 6. HP: 48/48 MP: 6/10
  3776 | D:3      | Noticed Natasha
  3782 | D:3      | Killed Natasha
  4428 | D:3      | Noticed Natasha
  4431 | D:3      | Killed Natasha
  4868 | D:4      | Reached XP level 7. HP: 55/55 MP: 8/12
  4974 | D:4      | Noticed Sigmund
  5697 | D:5      | Entered Level 5 of the Dungeon
  5750 | D:5      | Found Jylunul's Antique Weapon Boutique.
  5898 | D:5      | Learned a level 4 spell: Hailstorm
  5958 | D:5      | Identified the +0 chain mail of Integrity {+Inv rPois rC-
                  | Will++}
  6198 | D:5      | Found a runed translucent door.
  6200 | D:5      | Found a runed translucent door.
  6324 | D:5      | Reached skill level 1 in Conjurations
  6324 | D:5      | Reached skill level 1 in Evocations
  6325 | D:5      | Reached skill level 5 in Staves
  6481 | D:6      | Identified a scroll of acquirement
  6481 | D:6      | Acquired Uckoshrac's Collected Works on Unstable
                  | Transmutation
  6490 | D:6      | Noticed a steam dragon
  6574 | D:6      | Reached XP level 8. HP: 39/61 MP: 14/14
  6832 | D:6      | Acquired the ring of the Mage {Wiz Archmagi}
  6832 | D:6      | Found the ring of the Mage {Wiz Archmagi}
  6852 | D:6      | Upgraded the game from 0.28-a0-1415-g7c84da036a to
                  | 0.28-a0-1429-gf3d713df7a
  7409 | D:6      | Found Zefuc's Hydra Hut.
  7413 | D:6      | Noticed a six-headed hydra
  7730 | D:6      | Learned a level 3 spell: Dazzling Flash
  7849 | D:4      | Killed Sigmund
  8050 | D:7      | Found a staircase to the Ecumenical Temple.
  8071 | D:7      | Reached skill level 1 in Hexes
  8071 | D:7      | Reached XP level 9. HP: 59/69 MP: 9/17
  8749 | D:7      | Learned a level 2 spell: Blink
  8780 | D:8      | Reached skill level 1 in Translocations
  8847 | D:8      | Noticed Maggie
  8862 | D:7      | Reached skill level 5 in Spellcasting
  8917 | Temple   | Entered the Ecumenical Temple
  9332 | D:8      | Learned a level 4 spell: Iskenderun's Mystic Blast
  9378 | D:9      | Found a flagged portal.
  9395 | Bailey   | Entered a bailey
  9470 | Bailey   | Noticed an orc knight
  9537 | Bailey   | Noticed an orc knight
  9539 | Bailey   | Noticed an orc knight
  9585 | Bailey   | Killed an orc knight
  9726 | Bailey   | Killed an orc knight
  9727 | Bailey   | Reached skill level 5 in Armour
  9727 | Bailey   | Reached XP level 10. HP: 65/80 MP: 1/21
  9944 | Bailey   | Killed an orc knight
 10154 | Bailey   | Noticed an orc knight
 10191 | Bailey   | Killed an orc knight
 10192 | Bailey   | Reached skill level 5 in Fighting
 10474 | D:9      | You fall into a shaft and drop 1 floor!
 10474 | D:10     | Entered Level 10 of the Dungeon
 10502 | D:10     | Noticed an obsidian statue
 10545 | D:10     | Noticed Nergalle
 10557 | D:10     | Killed Nergalle
 10814 | D:8      | Noticed an eight-headed hydra
 10922 | D:8      | Noticed Pikel
 11191 | D:8      | Killed Maggie
 11192 | D:8      | Reached skill level 5 in Conjurations
 11357 | D:8      | Found a staircase to the Lair.
 11644 | D:8      | Killed Pikel
 11694 | D:8      | Noticed a death yak
 11712 | D:8      | Killed a death yak
 12302 | D:9      | Acquired a staff of cold
 12339 | D:9      | Reached XP level 11. HP: 77/89 MP: 15/24
 13121 | Lair:1   | Entered Level 1 of the Lair of Beasts
 13140 | Lair:1   | Learned a level 5 spell: Metabolic Englaciation
 14245 | Lair:1   | Identified the ring "Ynaumira" {+Blink rElec MP+9 Int-5
                  | SInv}
 14863 | Lair:1   | Noticed a seven-headed hydra
 14875 | Lair:1   | Killed a seven-headed hydra
 15531 | Lair:2   | Found a hole to the Spider Nest.
 16047 | Lair:2   | Noticed a death yak
 16047 | Lair:2   | Noticed a death yak
 16048 | Lair:2   | Noticed a death yak
 16063 | Lair:2   | Killed a death yak
 16080 | Lair:2   | Killed a death yak
 16086 | Lair:2   | Killed a death yak
 17533 | Lair:3   | Reached XP level 12. HP: 77/101 MP: 22/25
 17746 | Lair:3   | Found a staircase to the Snake Pit.
 18206 | Lair:3   | Noticed a four-headed hydra
 18228 | Lair:3   | Killed a four-headed hydra
 19249 | Lair:4   | Reached skill level 10 in Staves
 19422 | Lair:4   | Identified the +9 halberd of Extinguishment {drain, rElec}
 21100 | Lair:5   | Noticed a seven-headed hydra
 21115 | Lair:5   | Killed a seven-headed hydra
 22226 | Lair:5   | Reached XP level 13. HP: 107/107 MP: 23/27
 22621 | Lair:6   | Entered Level 6 of the Lair of Beasts
 23427 | Lair:6   | Found a staircase to the Slime Pits.
 25456 | Lair:6   | Upgraded the game from 0.28-a0-1429-gf3d713df7a to
                  | 0.28-a0-1435-g82390b3a13
 27678 | Lair:6   | Found a one-way gate to the infinite horrors of the Abyss.
 27691 | Lair:6   | Identified the +3 scale mail "Kalesoess" {-Tele Int+5
                  | Stlth+}
 28602 | D:10     | Reached skill level 5 in Stealth
 29697 | D:11     | Noticed Harold
 29790 | D:11     | Noticed Grum
 29805 | D:11     | Noticed Snorg
 30088 | Snake:1  | Entered Level 1 of the Snake Pit
 30137 | Snake:1  | Reached XP level 14. HP: 118/118 MP: 20/29
 31279 | Snake:1  | Reached skill level 1 in Throwing
 31618 | Spider:1 | Entered Level 1 of the Spider Nest
 32062 | Spider:1 | You fall into a shaft and drop 1 floor!
 32596 | Spider:1 | Reached skill level 10 in Armour
 32887 | Spider:1 | Learned a level 3 spell: Ozocubu's Armour
 34125 | D:10     | Killed Snorg
 35319 | D:11     | Killed Grum
 35478 | D:11     | Killed Harold
 35780 | D:11     | Upgraded the game from 0.28-a0-1435-g82390b3a13 to
                  | 0.28-a0-1447-ga5a8893891
 36000 | D:11     | Found a staircase to the Orcish Mines.
 36491 | Orc:1    | Entered Level 1 of the Orcish Mines
 36628 | Orc:2    | Entered Level 2 of the Orcish Mines
 36947 | Orc:2    | Found a staircase to the Elven Halls.
 37967 | Orc:2    | Found Goel's Jewellery Boutique.
 39154 | Orc:2    | Found Buoshe Osim's Antique Armour Shop.
 39710 | Orc:2    | Noticed Saint Roka
 40453 | Orc:2    | Killed Saint Roka
 40456 | Orc:2    | Found Emothrypo's Antique Armour Shop.
 40464 | Orc:2    | Found Dyelithi's Antique Weapon Boutique.
 40486 | Orc:2    | Bought a pair of runed gloves for 210 gold pieces
 40486 | Orc:2    | Bought a slimy chain mail for 266 gold pieces
 40486 | Orc:2    | Identified the +1 chain mail of Moral Flaws {+Inv SInv}
                  | (You bought it in a shop on level 2 of the Orcish Mines)
 40486 | Orc:2    | Bought a pair of brightly glowing boots for 266 gold pieces
 40486 | Orc:2    | Identified the +3 pair of boots of the Purple Skies {rPois
                  | rF+ Dex-4} (You bought it in a shop on level 2 of the
                  | Orcish Mines)
 40879 | Slime:1  | Entered Level 1 of the Pits of Slime
 40879 | Slime:1  | Noticed a rockslime
 41214 | Spider:1 | Blown up by a sun moth

Illustrated notes

Levels and vault maps discovered:
D:1:      scummos_arrival_simple_fountains, layout_loops_ring,
          hellmonk_ecumenical_altar_prayer_group
D:2:      layout_basic, chequers_serial_rivers_micro_c, st_stairs_4
D:3:      layout_basic, lightli_sewer_entry_pipes, uniq_robin, uniq_natasha
D:4:      wad_lake_hut, layout_basic, mainiacjoe_overflow_boulevard,
          kiku_gazebo_pond_becter, uniq_pargi, uniq_sigmund
D:5:      lemuel_insect_pit, layout_loops_ring, grunt_temple_overflow_open,
          serial_shops, shop, kennysheep_crisscross
D:6:      layout_basic, doesnt_shop_hydraphobe
D:7:      layout_cave_pools, nicolae_wu_jian_immortal_techniques,
          minmay_temple_entry_slanted
D:8:      layout_layer_cave, david_lair_generic, kennysheep_decorative_pillar,
          minmay_evil_grid, uniq_pikel, uniq_maggie
D:9:      layout_big_octagon, nicolae_ashenzari_skybound, grunt_qazlal_clouds,
          enter_bailey_3
D:10:     layout_roguey, minivault_16, minivault_1, chequers_big_river,
          uniq_nergalle
D:11:     layout_rooms, david_orc_4, uniq_grum, uniq_harold, uniq_snorg
Temple:   eino_temple_lava
Lair:1:   hellmonk_destroyed_diamonds, layout_hall_layers,
          chequers_serial_rivers_large_b, nicolae_lair_liquid_snakes
Lair:2:   layout_cave_pods, spider_nest_entry_web_field
Lair:3:   layout_long_grid, minmay_snake_entry_six_corridors, basic_altar,
          nicolae_lair_lil_pond, nicolae_lair_grove_arrangements, minivault_19,
          chequers_serial_rivers_small_3
Lair:4:   layout_small_grid, st_stairs_6, lookout_lair_type
Lair:5:   layout_cave_pods, cheibrodos_lair_reptile_den
Lair:6:   hellmonk_lair_end_abyssal_woods, layout_regular_city, slime_altar_1,
          guppyfry_lair_drakes, grunt_megastairs_3, serial_bayou_shore_b
Snake:1:  layout_gridlike, st_stairs_2
Spider:1: layout_chambers
Spider:2: layout_spider_delve, nicolae_spider_eight_legs
Slime:1:  layout_caves
Orc:1:    layout_caves
Orc:2:    grunt_orc_community_town_hall, layout_caves,
          grunt_orc_community_big_house_2, grunt_orc_community_big_house_2,
          grunt_orc_community_house_1, grunt_orc_community_house_1,
          grunt_orc_community_house_3, grunt_orc_community_house_3,
          grunt_orc_community_house_2

Skill      XL: |  1  2  3  4  5  6  7  8  9 10 11 12 13 14 |
---------------+-------------------------------------------+-----
Ice Magic      | 3 4 5 6 9 |  9.6
Stealth        | 2 4 5 |  5.0
Armour         | 1 2 3 5 6 7 8 9 12 | 12.0
Fighting       | 2 3 4 6 7 8 9 |  9.3
Staves         | 2 3 5 6 7 8 10 12 | 12.0
Spellcasting   | 2 3 5 6 7 8 |  8.0
Conjurations   | 1 3 4 5 6 7 |  7.9
Evocations     | 1 2 3 4 |  4.0
Hexes          | 1 2 4 |  4.0
Translocations | 2 3 4 |  4.0
Throwing       | 2 |  2.0
Dodging        | |  1.2

Action                   |  1- 3 |  4- 6 |  7- 9 | 10-12 | 13-15 || total
-------------------------+-------+-------+-------+-------+-------++-------
Melee: Quarterstaff      |    87 |   106 |   238 |   399 |   775 ||  1605
       Staff             |       |       |       |    21 |     4 ||    25
       Punch             |       |       |       |     1 |       ||     1
Throw: Stone             |     7 |    41 |    38 |       |       ||    86
       Dart              |       |     6 |    10 |    16 |    22 ||    54
       Boomerang         |       |       |    24 |   173 |   248 ||   445
       Javelin           |       |       |     1 |     1 |     4 ||     6
       Throwing net      |       |       |       |       |     2 ||     2
 Cast: Freeze            |    24 |    10 |     9 |     5 |    11 ||    59
       Frozen Ramparts   |     2 |    21 |    33 |    74 |    81 ||   211
       Hailstorm         |       |       |    18 |    43 |   129 ||   190
       Dazzling Flash    |       |       |     5 |     6 |    11 ||    22
       Iskenderun's Myst |       |       |     4 |    50 |    86 ||   140
       Metabolic Englaci |       |       |       |    10 |    17 ||    27
       Blink             |       |       |       |       |     5 ||     5
       Ozocubu's Armour  |       |       |       |       |    10 ||    10
Evoke: Wand              |       |       |       |       |     9 ||     9
  Use: Scroll            |     5 |     2 |     9 |     8 |    12 ||    36
       Potion            |       |     3 |       |     1 |    15 ||    19
 Stab: Sleeping          |     4 |     1 |     2 |     2 |     3 ||    12
       Paralysed         |       |       |     1 |       |       ||     1
       Invisible         |       |       |     2 |     1 |     8 ||    11
       Confused          |       |       |     1 |       |       ||     1
       Held in net/web   |       |       |       |       |     3 ||     3
       Distracted        |       |       |       |       |     1 ||     1
Armor: Robe              |     8 |       |       |       |       ||     8
       Leather armour    |    19 |     4 |       |       |       ||    23
       Troll leather arm |       |    19 |    92 |    16 |       ||   127
       Acid dragon scale |       |       |       |   129 |   194 ||   323
       Chain mail        |       |       |       |       |    11 ||    11
       Skin              |       |       |       |       |     5 ||     5
Dodge: Dodged            |    52 |    55 |   161 |   216 |   372 ||   856

Table legend: (Time is in decaauts)
 A = Elapsed time spent in this place.
 B = Non-inter-level travel time spent in this place.
 C = Inter-level travel time spent in this place.
 D = Time resting spent in this place.
 E = Time spent auto-exploring this place.
 F = Levels seen in this place.
 G = Mean time per level.
                   A        B        C        D        E       F      G
               +--------+--------+--------+--------+--------+-----+--------+
         Total |  41234 |  36466 |   4768 |  13779 |  14102 |  26 | 1585.9 |
       Dungeon |  15883 |  14059 |   1824 |   3247 |   7320 |  11 | 1443.9 |
        Temple |     75 |     70 |      5 |      0 |     66 |   1 |   75.0 |
          Lair |  15895 |  14095 |   1800 |   6289 |   4789 |   6 | 2649.2 |
     Snake Pit |   1198 |   1137 |     61 |    889 |     54 |   1 | 1198.0 |
   Spider Nest |   2558 |   2275 |    283 |   1113 |    842 |   2 | 1279.0 |
    Slime Pits |      1 |      1 |      0 |      0 |      0 |   1 |    1.0 |
  Orcish Mines |   4028 |   3236 |    792 |   1521 |    917 |   2 | 2014.0 |
         Sewer |    565 |    565 |      0 |    327 |     28 |   1 |  565.0 |
        Bailey |   1027 |   1027 |      0 |    392 |     85 |   1 | 1027.0 |
               +--------+--------+--------+--------+--------+-----+--------+

Top non-repeatable levels by time:
  Lair:6: 4386 daAuts
  Lair:1: 2891 daAuts
   Orc:2: 2794 daAuts
    D:10: 2761 daAuts
  Lair:5: 2621 daAuts
  Lair:3: 2558 daAuts
Spider:1: 2514 daAuts
     D:8: 2138 daAuts
  Lair:2: 2044 daAuts
     D:3: 1739 daAuts
  Lair:4: 1393 daAuts
     D:6: 1348 daAuts
     D:1: 1285 daAuts
    D:11: 1284 daAuts
     D:2: 1265 daAuts
